 Dungeon Crawl Stone Soup version 0.31.0-12-g77e489cdc1 (webtiles) character file.

Game seed: 11815311030519782169

109 stipulation the Grave Robber (level 4, 0/21 HPs)
             Began as a Vine Stalker Necromancer on Feb 17, 2024.
             Slain by a gnoll
             ... wielding a +0 club
              (4 damage)
             ... on level 2 of the Dungeon.
             The game lasted 00:02:37 (2183 turns).

stipulation the Grave Robber (VSNe)                 Turns: 2183, Time: 00:02:37

Health: 0/21       AC:  2    Str: 10    XL:     4   Next: 89%
Magic:  0/10       EV: 12    Int: 17    God:
Gold:   68         SH:  0    Dex: 15    Spells: 2/10 levels left

rFire   . . .        i - +2 dagger (drain)
rCold   . . .        (no shield)
rNeg    . . .        a - +0 robe
rPois   .            (no helmet)
rElec   .            (no cloak)
rCorr   .            (no gloves)
SInv    .            (no boots)
Will    .....        (no amulet)
Stlth   ++           (no ring)
HPRegen 1.03/turn    (no ring)
MPRegen 0.12/turn

%: guardian spirit
@: no status effects
A: fangs 2, regeneration 1, magic shield, antimagic bite, no potion heal 2
a: no special abilities


You were on level 2 of the Dungeon.
You visited 1 branch of the dungeon, and saw 3 of its levels.

You collected 68 gold pieces.

Inventory:

Hand Weapons
 f - a +0 dagger
 g - a +0 short sword
 i - a +2 dagger of draining (weapon)
Armour
 a - a +0 robe (worn)
Scrolls
 c - a scroll of fear {unknown}
 d - 4 scrolls of identify {unknown}
 e - 3 scrolls of teleportation {unknown}
 j - a scroll of revelation {unknown}
 l - a scroll of vulnerability {unknown}
 m - a scroll of butterflies {unknown}
Potions
 b - a potion of magic
 h - a potion of invisibility {unknown}
 k - a potion of haste {unknown}


   Skills:
 - Level 1.5 Dodging
 - Level 2.4 Stealth
 + Level 3.8 Spellcasting
 + Level 5.1 Necromancy


You had 2 spell levels left.
You knew the following spells:

 Your Spells              Type           Power      Damage    Failure   Level
a - Necrotise             Necr           80%        1d8       1%          1
b - Vampiric Draining     Necr           20%        2d7       6%          3
c - Animate Dead          Necr           20%        N/A       19%         4

Your spell library contained the following spells:

 Spells                   Type           Power      Damage    Failure   Level
 Curse of Agony           Necr           20%        N/A       47%         5
 Animate Armour           Summ/Erth      6%         N/A       85%         4
 Summon Lightning Spire   Summ/Air       3%         N/A       85%         4
 Lee's Rapid Deconstruct  Erth           1%         3d4*      99%         5


Dungeon Overview and Level Annotations

Branches:
Dungeon (3/15)

Altars:

Shops:
D:1 ?


Innate Abilities, Weirdness & Mutations

You have extremely sharp teeth.
Your natural rate of healing is unusually fast.
When hurt, damage is shared between your health and your magic reserves.
Your bite disrupts and absorbs the magic of your enemies.
Potions cannot restore your health.


Message History

Aim: a gnoll, wielding a +0 spear (severely wounded, ally target, chance to affect: 84%)
Okay, then.
Casting: Necrotise (safe; 1% risk of failure)
Confirm with . or Enter, or press ? or * to list all spells.
Aiming: Necrotise (safe; 1% risk of failure)
Press: ? - help, Shift-Dir - straight line, f - gnoll, p - gnoll
Aim: a gnoll, wielding a +0 club (lightly wounded, chance to affect: 84%)
The gnoll writhes in agony.
Your gnoll skeleton hits the gnoll.
The gnoll misses you.
You hit the gnoll.
The gnoll is moderately wounded.
The gnoll hits you from afar with a +0 spear!
Your gnoll skeleton hits the gnoll.
The gnoll dies!
The gnoll completely misses you.
The gnoll hits your gnoll skeleton with a +0 flail!
The gnoll hits you with a +0 club.
Your gnoll skeleton closely misses the gnoll.
You climb upwards.
Your mindless puppet stays behind to rot.
There is a stone staircase leading down here.
You hit the gnoll but do no damage. You drain the gnoll.
The gnoll is heavily wounded.
The gnoll hits you with a +0 club.
* * * LOW HITPOINT WARNING * * *
You completely miss the gnoll.
The gnoll is heavily wounded.
The gnoll hits you with a +0 club.
* * * LOW HITPOINT WARNING * * *
The gnoll attacks as it pursues you! The gnoll hits you with a +0 club.
* * * LOW HITPOINT WARNING * * *
The gnoll attacks as it pursues you! The gnoll hits you with a +0 club.
* * * LOW HITPOINT WARNING * * *
Casting: Necrotise (safe; 1% risk of failure)
Confirm with . or Enter, or press ? or * to list all spells.
Aiming: Necrotise (safe; 1% risk of failure)
Press: ? - help, Shift-Dir - straight line, f - gnoll
Aim: a gnoll, wielding a +0 club (heavily wounded, heavily drained, chance to affect: 87%)
The gnoll writhes in agony.
The gnoll hits you with a +0 club.
You die...

##.#.###.###.#.##..#
......#...#....##..#
##..#...#...#......#
#.......[.....##..#####
#..........#..##......#
##.#####.#.#..##.####.#
#.# #......##.# #.# #.#
###......##.####.# #.#
#........g@......# #.#
#.#......##.####.# #.#
#.#...>..##.# #.#
#.###.###.#.###.####.#
#(..........# #.##...#
#####.###.### #.##.#.#
#.###.# #.##.#.#
#.....# #.##.#.######
#.##### #.##........#


You could see a gnoll (very drained).

Vanquished Creatures
  A gnoll (D:3)
  4 adders (D:2)
  3 dart slugs
  3 endoplasms
  A giant cockroach (D:1)
  7 goblins
  2 hobgoblins
  3 jackals (D:2)
  5 kobolds
  2 quokkas
  2 ball pythons (D:1)
  4 bats
  2 frilled lizards
  7 rats
46 creatures vanquished.

Vanquished Creatures (collateral kills)
  A gnoll (D:3)
  A ball python (D:2)
  A jackal (D:2)
3 creatures vanquished.

Grand Total: 49 creatures vanquished

Notes
Turn   | Place    | Note
-------+----------+-------------------------------------------
     0 | D:1      | stipulation the Vine Stalker Necromancer began the quest
                  | for the Orb.
     0 | D:1      | Reached XP level 1. HP: 9/9 MP: 4/4
   238 | D:1      | Reached XP level 2. HP: 13/13 MP: 3/6
   519 | D:1      | Found Zesaech's Magic Scroll Shop.
   551 | D:1      | Reached XP level 3. HP: 16/16 MP: 1/8
  1307 | D:2      | Found a faded altar of an unknown god.
  1600 | D:2      | Reached XP level 4. HP: 21/21 MP: 7/10
  1911 | D:2      | Reached skill level 5 in Necromancy
  2084 | D:3      | Learned a level 3 spell: Vampiric Draining
  2089 | D:3      | Learned a level 4 spell: Animate Dead
  2183 | D:2      | Slain by a gnoll

Illustrated notes

Levels and vault maps discovered:
D:1:      dpeg_arrival_water_fire, layout_loops_ring, serial_shops, shop
D:2:      layout_loops_ring, hellmonk_ecumenical_altar_leap_of_faith,
          minmay_misc_feat_four_crosses, nicolae_half_adder
D:3:      layout_rooms, serial_rivers, chequers_serial_rivers_marsh,
          chequers_serial_rivers_room_b, chequers_serial_rivers_room_b,
          chequers_serial_rivers_large_b, chequers_serial_rivers_micro_b,
          chequers_serial_rivers_micro_d, serial_bayou_lake_a

Skill      XL: |  1  2  3  4 |
---------------+-------------+-----
Spellcasting   | 3 |  3.8
Necromancy     | 5 |  5.1
Dodging        | |  1.5
Stealth        | |  2.4

Action                     |  1- 3 |  4- 6 || total
---------------------------+-------+-------++-------
  Melee: Dagger            |     9 |    13 ||    22
         Short sword       |    43 |       ||    43
         Bite              |    10 |     1 ||    11
         Punch             |       |     1 ||     1
   Cast: Necrotise         |    47 |    16 ||    63
   Stab: Sleeping          |       |     1 ||     1
 Armour: Robe              |    33 |    18 ||    51
  Dodge: Dodged            |    40 |    10 ||    50
